 Dungeon Crawl Stone Soup version 0.31-a0-237-g2d982f9f85 (webtiles) character file.

Game seed: 13538347801762524221

2846 qw the Skirmisher (level 9, -3/79 HPs)
             Began as a Minotaur Hexslinger on July 11, 2023.
             Was an Initiate of Okawaru.
             Killed from afar by an electric eel (16 damage)
             ... with a bolt of electricity
             ... on level 6 of the Dungeon.
             The game lasted 00:02:18 (5283 turns).

qw the Skirmisher (Minotaur Hexslinger)             Turns: 5283, Time: 00:02:18

Health: -3/79      AC: 11    Str: 13    XL:     9   Next: 46%
Magic:  7/9        EV: 20    Int: 10    God:    Okawaru [......]
Gold:   421        SH:  0    Dex: 17    Spells: 9/10 levels left

rFire   + . .        Y - +0 arbalest
rCold   + . .        (shield currently unavailable)
rNeg    . . .        d - +0 ring mail
rPois   .            c - +2 hat
rElec   .            a - scarf {rC+ rF+}
rCorr   .            f - +0 pair of gloves
SInv    .            (no boots)
Will    +....        (no amulet)
Stlth   ++           h - +5 ring of evasion
HPRegen 0.33/turn    r - ring of willpower
MPRegen 0.11/turn

%: no passive effects
@: about to teleport, heroic
A: horns 2, retaliatory headbutt
a: Renounce Religion


You were on level 6 of the Dungeon.
You worshipped Okawaru.
Okawaru was noncommittal.
You visited 2 branches of the dungeon, and saw 7 of its levels.
You also visited: Sewer.

You collected 421 gold pieces.


Innate Abilities, Weirdness & Mutations

You have a pair of horns on your head.
You reflexively headbutt those who attack you in melee.


   Skills:
 - Level 7.1(12.1) Fighting
 + Level 11.0(16.0) Ranged Weapons
 - Level 6.2(11.2) Armour
 - Level 4.2(9.2) Dodging
 - Level 1.0 Spellcasting
 - Level 2.0 Hexes


You had 9 spell levels left.
You knew the following spells:

 Your Spells              Type           Power      Damage    Failure   Level
a - Slow                  Hex            16%        N/A       26%         1

Your spell library contained the following spells:

 Spells                   Type           Power      Damage    Failure   Level
 Inner Flame              Hex/Fire       2%         N/A       77%         3
 Portal Projectile        Hex/Tloc       4%         N/A       77%         3
 Cause Fear               Hex            2%         N/A       95%         4

Inventory:

Hand Weapons
 Y - a +0 arbalest (weapon)
Armour
 a - a scarf of resistance (worn)
 c - a +2 hat (worn)
 d - a +0 ring mail (worn)
 e - a +0 cloak
 f - a +0 pair of gloves (worn)
Jewellery
 h - a +5 ring of evasion (left hand)
 r - a ring of willpower (right hand)
Scrolls
 i - a scroll of identify
 m - 3 scrolls of teleportation
Potions
 b - a potion of haste
 g - a potion of curing
 k - a potion of might
 n - a potion of cancellation {unknown}
 o - a potion of degeneration {unknown}
 p - 6 potions of enlightenment

Dungeon Overview and Level Annotations

Branches:
Dungeon (6/15)             Temple (1/1) D:4           Sewer (visited)

Altars:
Ashenzari
Dithmenos
Elyvilon
Fedhas
Gozag
Hepliaklqana
Kikubaaqudgha
Makhleb
Nemelex Xobeh
Okawaru
Qazlal
Ru
Trog
Uskayaw
Vehumet
Wu Jian
Xom
Zin
The Shining One
Lugonu

Annotations:
D:5 1 runed translucent door, Crazy Yiuf
D:6 exclusion: 4 electric eels


Message History

Enter note:
Enter note:
Enter note:
Enter note:
Enter note:
Enter note:
Enter note:
Enter note:
Enter note:
Enter note:
Enter note:
Enter note:
Enter note:
Enter note:
Enter note:
Enter note:
Enter note:
Enter note:
Enter note:
Enter note:
Enter note:
Enter note:
Enter note:
Enter note:
Enter note:
Enter note:
Enter note:
Enter note: A nearby plant withers and dies.
The electric eel shoots out a bolt of lightning at you!
The bolt of electricity misses you.
The electric eel shoots out a bolt of lightning at you!
The bolt of electricity hits the electric eel.
The electric eel completely resists.
The bolt of electricity hits you!
5283 ||| READING 4 scrolls of teleportation.
As you read the scroll of teleportation, it crumbles to dust.
You feel strangely unstable.
The electric eel shoots out a bolt of lightning at you!
The bolt of electricity hits you!
You die...

....##..###......###.....##....##
....##...#........###....###..##
....###..#?........#.....####.#
....# ##......................#
##..## #...........#..........#
#...####.#........###..#....##
##....#.#.############........#
..........##~~...###......#..##
.......#.##.####@~~#####.##.##
..>....###.##..'##~~...##[.##
..(....#.#.#.....#####..#..#
.........#.#.....# ##..#
.........#.#.P..~# #...###
...#.....#~#[~~~.#.....#.^...##
...#.#...#~#S.S!.#~~..P#......##
...#.....#~#~S?~~#~.PP.#.......#
......#.##)##~~~##$|)).#......##


You could see 3 electric eels.

Vanquished Creatures
  A two-headed ogre (D:6)
  Pikel (D:6)
  Sigmund (D:2)
  Edmund (D:6)
  2 black bears (D:4)
  2 lemures (D:6)
  A phantom (D:5)
  2 necrophages (D:4)
  6 scorpions
  A howler monkey (D:5)
  3 jellies
  4 hounds
  A gnoll bouda (D:5)
  Jessica (D:2)
  6 iguanas
  Terence (D:2)
  An orc wizard (D:4)
  A sickly merfolk siren (Sewer)
  A malarious merfolk avatar (Sewer)
  5 adders
  9 gnolls
  A river rat (Sewer)
  A white imp (D:6)
  4 worms
  12 orcs
  15 ball pythons
  A bat (D:2)
  9 endoplasms
  7 giant cockroaches
  7 goblins
  2 hobgoblins (D:3)
  7 jackals
  7 kobolds
  6 quokkas
  10 frilled lizards
  26 rats
166 creatures vanquished.

Notes
Turn   | Place    | Note
-------+----------+-------------------------------------------
     0 | D:1      | qw the Minotaur Hexslinger began the quest for the Orb.
     0 | D:1      | Reached XP level 1. HP: 16/16 MP: 1/1
     0 | D:1      | 0 ||| qw: Version: 0.3-a-52-g30416fa
     0 | D:1      | 0 ||| qw: Game counter: 5609
     0 | D:1      | 0 ||| qw: Melee chars always use a shield: true
     0 | D:1      | 0 ||| qw: God list: Okawaru
     0 | D:1      | 0 ||| qw: Allow faded altars: false
     0 | D:1      | 0 ||| qw: Do Orc after clearing Dungeon:15 true
     0 | D:1      | 0 ||| qw: Do second Lair branch before Depths: true
     0 | D:1      | 0 ||| qw: Lair rune preference: random
     0 | D:1      | 0 ||| qw: Goals: Normal
     0 | D:1      | 0 ||| PLANNING D:1-11
    36 | D:1      | HP: 3/16 [quokka (5)]
   229 | D:1      | HP: 4/16 [kobold/+0 short sword (2)]
   308 | D:1      | Reached skill level 3 in Ranged Weapons
   308 | D:1      | Reached XP level 2. HP: 23/23 MP: 2/2
   654 | D:1      | 654 ||| UPGRADING to +0 ring mail.
   664 | D:1      | 664 ||| DROPPING +0 robe.
   665 | D:1      | 665 ||| UPGRADING to +0 cloak.
   670 | D:1      | 670 ||| READING scroll labelled DIPTO AQENUCAF.
   671 | D:1      | 671 ||| READING scroll labelled IROXTI PY ERCH.
   672 | D:1      | 672 ||| READING scroll labelled GALAD KYFUBIP.
   673 | D:1      | 673 ||| DRINKING 3 yellow potions.
   674 | D:1      | 674 ||| DROPPING scroll of poison.
   675 | D:1      | 675 ||| DROPPING 2 potions of brilliance.
   742 | D:2      | Noticed Terence
   749 | D:2      | Killed Terence
   750 | D:2      | Reached skill level 3 in Fighting
   750 | D:2      | Reached XP level 3. HP: 31/31 MP: 3/3
   773 | D:2      | Noticed Sigmund
   796 | D:2      | Killed Sigmund
   797 | D:2      | Reached skill level 5 in Ranged Weapons
   797 | D:2      | Reached XP level 4. HP: 19/38 MP: 4/4
   797 | D:2      | Reached XP level 5. HP: 23/45 MP: 5/5
   904 | D:2      | 904 ||| READING scroll of brand weapon.
   904 | D:2      | 904 ||| BRANDING +1 sling of draining.
   974 | D:2      | Noticed Jessica
   977 | D:2      | Killed Jessica
  1396 | D:2      | Reached skill level 6 in Ranged Weapons
  1562 | D:2      | 1562 ||| UPGRADING to +2 hat.
  1567 | D:2      | 1567 ||| UPGRADING to +0 pair of gloves.
  1572 | D:2      | 1572 ||| READING scroll labelled CYELEM UVVILIT.
  1573 | D:2      | 1573 ||| READING scroll labelled QAICWI WOAREL.
  1577 | D:2      | 1577 ||| DRINKING 2 bubbling black potions.
  1582 | D:2      | 1582 ||| DROPPING potion of ambrosia.
  1619 | D:3      | Found a faded altar of an unknown god.
  1627 | D:3      | Reached XP level 6. HP: 51/51 MP: 6/6
  1908 | D:3      | Found a shimmering altar of Xom.
  2073 | D:3      | 2073 ||| UPGRADING to scarf of resistance.
  2083 | D:3      | 2083 ||| DROPPING amulet of magic regeneration.
  2084 | D:3      | 2084 ||| READING scroll labelled SARGHI JENA.
  2085 | D:3      | 2085 ||| READING scroll labelled UWIATOAGIO.
  2086 | D:3      | 2086 ||| READING scroll labelled QUSCHUY SEASOE.
  2087 | D:3      | 2087 ||| DRINKING 2 amethyst potions.
  2088 | D:3      | 2088 ||| READING 2 scrolls of identify.
  2088 | D:3      | 2088 ||| IDENTIFYING grey potion
  2089 | D:3      | 2089 ||| DROPPING potion of magic.
  2096 | D:4      | 2096 ||| PLANNING SEWER
  2157 | D:4      | 2157 ||| DROPPING +0 sling of draining.
  2163 | D:4      | Found a glowing silver altar of Zin.
  2206 | D:4      | Found a staircase to the Ecumenical Temple.
  2300 | D:4      | Found a bloodstained altar of Trog.
  2314 | D:4      | Reached skill level 7 in Ranged Weapons
  2314 | D:4      | Reached XP level 7. HP: 35/59 MP: 7/7
  2436 | D:4      | Found a glowing drain.
  2451 | Sewer    | Entered a sewer
  2454 | Sewer    | 2454 ||| Stepping ~*~*~tactically~*~*~ (water).
  2571 | Sewer    | 2571 ||| Stepping ~*~*~tactically~*~*~ (water).
  2573 | Sewer    | 2573 ||| Stepping ~*~*~tactically~*~*~ (water).
  2654 | Sewer    | 2654 ||| Stepping ~*~*~tactically~*~*~ (water).
  2706 | Sewer    | 2706 ||| SWAPPING to +0 arbalest.
  2707 | Sewer    | 2707 ||| DROPPING +1 sling of freezing.
  2736 | Sewer    | 2736 ||| UPGRADING to +5 ring of evasion.
  2760 | D:4      | 2760 ||| PLANNING TEMPLE
  2823 | Temple   | Entered the Ecumenical Temple
  2861 | Temple   | 2861 ||| PLANNING D:1-11
  3133 | D:4      | Found a glowing golden altar of the Shining One.
  3163 | D:4      | Found a blossoming altar of Fedhas.
  3225 | D:4      | 3225 ||| DRINKING 2 white potions.
  3226 | D:4      | 3226 ||| READING 2 scrolls of identify.
  3226 | D:4      | 3226 ||| IDENTIFYING bubbling pink potion
  3259 | D:4      | Reached skill level 8 in Ranged Weapons
  3301 | D:5      | Entered Level 5 of the Dungeon
  3580 | D:5      | Found a broken altar of Ashenzari.
  3616 | D:5      | 3616 ||| Stepping ~*~*~tactically~*~*~ (outnumbered).
  3623 | D:5      | Reached skill level 9 in Ranged Weapons
  3624 | D:5      | Reached XP level 8. HP: 66/68 MP: 8/8
  3667 | D:5      | Found a runed translucent door.
  3668 | D:5      | Noticed Crazy Yiuf
  3732 | D:5      | Found an ornate altar of the Wu Jian Council.
  3763 | D:5      | Reached skill level 3 in Dodging
  4078 | D:5      | 4078 ||| READING 2 scrolls of identify.
  4078 | D:5      | 4078 ||| IDENTIFYING green potion
  4111 | D:6      | Noticed Edmund
  4121 | D:6      | Killed Edmund
  4122 | D:6      | Reached skill level 6 in Fighting
  4173 | D:6      | Noticed Pikel
  4185 | D:6      | Killed Pikel
  4186 | D:6      | Reached skill level 10 in Ranged Weapons
  4251 | D:6      | 4251 ||| FLEEEEING.
  4476 | D:6      | Reached XP level 9. HP: 79/79 MP: 9/9
  4503 | D:6      | Found a burning altar of Makhleb.
  4503 | D:6      | Noticed a blizzard demon
  4730 | D:6      | Reached skill level 11 in Ranged Weapons
  4759 | D:6      | Found an iron altar of Okawaru.
  4759 | D:6      | Found a sparkling altar of Nemelex Xobeh.
  4760 | D:6      | 4760 ||| PLANNING OKAWARU WORSHIP
  4761 | D:6      | 4761 ||| UPGRADING to ring of willpower.
  4762 | D:6      | 4762 ||| READING scroll labelled FOAXYM VODIFYN.
  4867 | D:6      | Became a worshipper of Warmaster Okawaru
  4868 | D:6      | 4868 ||| PLANNING D:1-11
  4918 | D:6      | 4918 ||| Stepping ~*~*~tactically~*~*~ (water).
  4935 | D:6      | Noticed a two-headed ogre
  4944 | D:6      | HP: 7/79 [two-headed ogre/+0 giant club (18)]
  4945 | D:6      | 4945 ||| READING 5 scrolls of teleportation.
  4946 | D:6      | 4946 ||| DRINKING potion of heal wounds.
  5209 | D:6      | Killed a two-headed ogre
  5209 | D:6      | Reached * piety under Okawaru
  5210 | D:6      | Reached skill level 6 in Armour
  5279 | D:6      | 5279 ||| INVOKING Heroism.
  5282 | D:6      | HP: 13/79 [electric eel/bolt of electricity (12)]
  5283 | D:6      | 5283 ||| READING 4 scrolls of teleportation.
  5283 | D:6      | Killed from afar by an electric eel

Levels and vault maps discovered:
D:1:      sevenhm_arrival_forest_fort_large_4, layout_rooms
D:2:      layout_basic, uniq_jessica, uniq_sigmund, uniq_terence
D:3:      layout_rooms, nicolae_overflow_crystal_walls,
          dreamdust_ecumenical_altar_grove
D:4:      layout_rooms, tso_oasis_becter, zin_scriptorium,
          fedhas_altar_decomposition, trog_ov_bears_minmay,
          minmay_temple_entry_poolview, portal_sewer_entry_a,
          minmay_snake_closets
D:5:      layout_basic, lemuel_tele_altar, ashenzari_conservatory_becter,
          uniq_crazy_yiuf_cottage
D:6:      cheibrodos_two_vegetables, layout_cave_pools,
          makhleb_altar_promises_db, gammafunk_temple_overflow_statue,
          uniq_pikel, uniq_edmund
Temple:   corrupted_temple

Skill      XL: |  1  2  3  4  5  6  7  8  9 |
---------------+----------------------------+-----
Ranged Weapons | 3 5 6 7 9 10 11 | 11.0
Fighting       | 3 4 5 7 |  7.1
Armour         | 2 6 |  6.2
Dodging        | 3 4 |  4.2
Spellcasting   | |  1.0
Hexes          | |  2.0

Action                     |  1- 3 |  4- 6 |  7- 9 || total
---------------------------+-------+-------+-------++-------
   Fire: Sling             |    52 |   146 |    97 ||   295
         Arbalest          |       |       |   174 ||   174
 Invoke: Heroism           |       |       |     1 ||     1
    Use: Scroll            |     3 |     7 |     5 ||    15
         Potion            |     1 |     2 |     2 ||     5
 Armour: Robe              |     4 |       |       ||     4
         Ring mail         |     2 |    10 |    41 ||    53
  Dodge: Dodged            |    19 |    30 |   106 ||   155

Table legend:
 A = Non-vault XP
 B = Vault XP
 C = Vault XP percentage of total XP
 D = Non-vault monster count
 E = Vault monster count
 F = Vault count percentage of total count
                 A         B        C        D         E       F
            +---------+---------+-------+---------+---------+-------
      Total |    1534 |    2533 |  62.3 |      99 |      65 |  39.6
            +---------+---------+-------+---------+---------+-------
        D:1 |      16 |       0 |   0.0 |       9 |       0 |   0.0
        D:2 |      48 |     312 |  86.7 |      15 |       3 |  16.7
        D:3 |      49 |       0 |   0.0 |      25 |       0 |   0.0
        D:4 |     133 |     455 |  77.4 |      12 |      18 |  60.0
        D:5 |     584 |       0 |   0.0 |      22 |       0 |   0.0
        D:6 |     704 |    1651 |  70.1 |      16 |       5 |  23.8
      Sewer |       0 |     115 | 100.0 |       0 |      39 | 100.0
            +---------+---------+-------+---------+---------+-------
